Unix NetHack Version 5.0.0-0 post-release - last build May 10 2026 23:12:36 (d1fa5d53e341ca933230fdaa984d921c805b60aa,branch:main).

Game began 2026-05-12 19:53:51, ended 2026-05-12 20:19:48.

Drastanta, neutral male human Barbarian

                                           ------#
                                           |....|#
                                           |....a##
                                           |....|@#
                                           |....|#
                                           .....|
                                           ---+--

Drastanta the Pillager     St:18/02 Dx:16 Co:18 In:7 Wi:7 Ch:6  Neutral
Dlvl:10 $:61 HP:0(60) Pw:12(12) AC:3  Xp:5 T:2639  Burdened

Latest messages:
 The leprechaun screams!
 The leprechaun drinks a milky potion!
 The leprechaun seems more experienced.
 The leprechaun hits!
 Your purse feels lighter.
 The leprechaun vanishes!
 You stop.  Idefix is in the way!
 With great effort you move the boulder.
 You try to move the boulder, but in vain.
 You try to move the boulder, but in vain.
 You try to move the boulder, but in vain.
 You smite the leprechaun!
 The leprechaun hits!
 The leprechaun hits!
 The leprechaun hits!
 The leprechaun hits!
 The leprechaun hits!
 You smite the leprechaun!
 The leprechaun hits!
 You smite the leprechaun.
 The leprechaun hits!
 You smite the leprechaun!
 The leprechaun zaps a wand of digging!
 The leprechaun has made a hole in the ground.
 The leprechaun falls through...
 Really step into that hole? [yn] (n) n
 Really step into that hole? [yn] (n) y
 There's a gaping hole under you!
 The leprechaun appears next to you!
 The leprechaun zaps a wand of digging!
 The leprechaun has made a hole in the floor.
 The leprechaun falls through...
 Really step into that hole? [yn] (n) y
 There's a gaping hole under you!
 You fall down a shaft!
 You see here 61 gold pieces.
 You have a little trouble lifting $ - 61 gold pieces.
 The soldier ant bites!
 The soldier ant stings!
 The soldier ant bites!
 The soldier ant stings!
 You miss the soldier ant.
 The soldier ant bites!
 The soldier ant just misses!
 The soldier ant bites!
 The soldier ant stings!
 You smite the soldier ant!
 The soldier ant bites!
 You die...
 Do you want your possessions identified? [ynq] (y) q

Inventory:
 Coins    ('$')
  $ - 61 gold pieces
 Weapons  (')')
  b - a +0 axe (weapon in right hand)
  a - a +0 two-handed sword (alternate weapon; not wielded)
 Armor    ('[')
  w - an uncursed greased +0 pair of iron shoes (being worn)
  x - an uncursed +0 dwarvish cloak (being worn)
  l - an uncursed +0 elven mithril-coat (being worn)
 Comestibles  ('%')
  r - an uncursed cram ration
  d - 4 uncursed food rations
  y - an uncursed pancake
  s - 2 uncursed tins of spinach
 Scrolls  ('?')
  i - an uncursed scroll of enchant weapon
  C - a blessed scroll of fire
  B - a blessed scroll of remove curse
 Spellbooks  ('+')
  h - an uncursed spellbook of charm monster
  k - an uncursed spellbook of charm monster
  F - an uncursed spellbook of detect monsters
  D - an uncursed spellbook of light
  E - an uncursed spellbook of light
  t - an uncursed spellbook of remove curse
 Potions  ('!')
  g - an uncursed potion of healing
  j - 2 uncursed potions of water
 Rings    ('=')
  G - a cursed ring of conflict
  u - an uncursed ring of protection from shape changers
  z - an uncursed ring of regeneration
  e - an uncursed ring of stealth
 Wands    ('/')
  f - a wand of light (0:14)
 Tools    ('(')
  m - an uncursed oil lamp
  o - a +0 pick-axe

Drastanta the Barbarian's attributes:

Background:
 You were a Pillager, a level 5 male human Barbarian.
 You were neutral, on a mission for Crom
 who was opposed by Mitra (lawful) and Set (chaotic).
 You were right-handed.
 You were in the Dungeons of Doom, on level 10.
 You entered the dungeon 2639 turns ago.
 You had 160 experience points, 160 more were needed to attain level 6.

Basics:
 You had 0 out of 60 hit points.
 You had all 12 energy points (spell power).
 Your armor class was 3.
 Your wallet contained 61 zorkmids.
 Autopickup was off.

Final Characteristics:
 Your strength was 18/02 (limit:18/100).
 Your dexterity was 16 (peak:17, limit:18).
 Your constitution was 18 (limit:18).
 Your intelligence was 7 (limit:18).
 Your wisdom was 7 (limit:18).
 Your charisma was 6 (limit:18).

Final Status:
 You weren't hungry.
 You were burdened; movement was slightly slowed.
 You were wielding an axe.
 You had basic skill with axe.

Final Attributes:
 You were piously aligned.
 Your items were somewhat protected from fire.
 Your items were somewhat protected from cold.
 You were poison resistant.
 You were guarded.
 You are dead.

Miscellaneous:
 You encountered 1 bones level.
 Total elapsed playing time was 25 minutes and 56 seconds.

Major events:
 Turn
    1: Drastanta the neutral male human Barbarian entered the dungeon
  833: attained the rank of Pillager (level 3)
 1178: entered the Gnomish Mines
 2639: killed by a soldier ant

You didn't know any spells.

Skills:
 Fighting Skills
   bare handed combat [Basic]
   two weapon combat  [Unskilled]
   riding             [Unskilled]
 Weapon Skills
   dagger             [Unskilled]
   axe                [Basic]
   pick-axe           [Unskilled]
   short sword        [Unskilled]
   broadsword         [Unskilled]
   long sword         [Unskilled]
   two-handed sword   [Basic]
   saber              [Unskilled]
   club               [Unskilled]
   mace               [Unskilled]
   morning star       [Unskilled]
   flail              [Unskilled]
   hammer             [Unskilled]
   quarterstaff       [Unskilled]
   spear              [Unskilled]
   trident            [Unskilled]
   bow                [Unskilled]
 Spellcasting Skills
   attack spells      [Unskilled]
   escape spells      [Unskilled]

Voluntary challenges:
 Character rerolling was not enabled.
 You never genocided any monsters.
 You never polymorphed an object.
 You never changed form.
 You used no wishes.
Achievements:
 You attained the rank of Pillager.
 You entered a shop.
 You entered the Gnomish Mines.

 The Dungeons of Doom: levels 1 to 10
    Level 1:
    Level 2:
       Some fountains.
    Level 3:
       An armor shop.
    Level 4:
       Stairs down to The Gnomish Mines.
    Level 5:
       A fountain.
    Level 6:
       An altar.
    Level 7:
       Many fountains.
    Level 8:
       A fountain.
    Level 10: <- You were here.
       Final resting place for
          you, killed by a soldier ant,
          theokp-Wiz-Elf-Mal-Cha, killed by a soldier ant.
 The Gnomish Mines:
    Level 5:


Vanquished creatures:
  a gnomish wizard
 an elf zombie
  a kitten
  a dwarf
  a giant bat
  2 dwarf zombies
  2 iguanas
 an acid blob
  2 coyotes
  a hobbit
  4 manes
  2 giant rats
  2 cave spiders
  2 brown molds
  a green mold
  a gecko
  a fox
  a kobold
  2 goblins
  2 sewer rats
  6 grid bugs
  4 lichens
  a kobold zombie
  3 newts
45 creatures vanquished.

No species were genocided or became extinct.

Game over:
                       ----------
                      /          \
                     /    REST    \
                    /      IN      \
                   /     PEACE      \
                  /                  \
                  |    Drastanta     |
                  |      61 Au       |
                  |   killed by a    |
                  |   soldier ant    |
                  |                  |
                  |                  |
                  |       2026       |
                 *|     *  *  *      | *
        _________)/\\_//(\/(/\)/\//\/|_)_______

Goodbye Drastanta the Barbarian...

You died in The Dungeons of Doom on dungeon level 10 with 1155 points,
and 61 pieces of gold, after 2639 moves.
You were level 5 with a maximum of 60 hit points when you died.

